 Dungeon Crawl Stone Soup version 0.22-a0-117-g314b907 (webtiles) character file.

95 Faca the Skirmisher (level 4, 0/31 HPs)
             Began as a Gargoyle Fighter on Jan 29, 2018.
             Slain by an orc wizard
             ... wielding a +0 dagger
              (2 damage)
             ... on level 3 of the Dungeon.
             The game lasted 00:04:08 (1770 turns).

Faca the Skirmisher (Gargoyle Fighter)              Turns: 1770, Time: 00:04:09

Health: 0/31       AC: 12    Str: 20    XL:     4   Next: 65%
Magic:  4/4        EV: 10    Int:  8    God:
Gold:   115        SH:  9    Dex: 15    Spells: 3/3 levels left

rFire    + . .     SeeInvis .   a - +0 flail
rCold    + . .     Gourm    +   c - +0 shield
rNeg     + . .     Faith    .   v - +0 chain mail
rPois    ∞         Spirit   .   (no helmet)
rElec    +         Reflect  .   (no cloak)
rCorr    +         Harm     .   (no gloves)
MR       .....                  (no boots)
Stlth    ..........             j - amulet of the gourmand
HPRegen  0.10/turn              (no ring)
MPRegen  0.09/turn              (no ring)

@: agile, resistant
A: negative energy resistance 1, electricity resistance, unbreathing,
petrification resistance, rot immunity, AC +3
a: no special abilities


You were on level 3 of the Dungeon.
You were very full.

You visited 1 branch of the dungeon, and saw 3 of its levels.

You collected 115 gold pieces.

Inventory:

Hand Weapons
 a - a +0 flail (weapon)
Missiles
 m - 6 tomahawks (quivered)
Armour
 c - a +0 shield (worn)
 v - a +0 chain mail (worn)
Jewellery
 j - an amulet of the gourmand (around neck)
Wands
 u - a wand of iceblast (9)
Scrolls
 e - 2 scrolls of remove curse {unknown}
 g - a scroll of magic mapping {unknown}
 h - a scroll of fog {unknown}
 i - a scroll of teleportation {unknown}
 r - a scroll of amnesia {unknown}
 t - a scroll of identify {unknown}
Potions
 d - 2 potions of might
 l - a potion of mutation {unknown}
 o - a potion of cancellation {unknown}
 p - a potion of resistance
 q - a potion of lignification {unknown}
 s - a potion of magic
Comestibles
 f - 3 rations


   Skills:
 * Level 5.1 Fighting
 + Level 3.1 Maces & Flails
 - Level 3.2 Armour
 - Level 3.2 Shields


You had 3 spell levels left.
You didn't know any spells.

Dungeon Overview and Level Annotations

Branches:
Dungeon (3/15)

Altars:
Wu Jian


Innate Abilities, Weirdness & Mutations

You are resistant to torment.
Your stone body is resilient. (AC +3)
You are immune to poison.
You resist negative energy. (rN+)
You are resistant to electric shocks. (rElec)
You can survive without breathing.
You are immune to petrification.
You are immune to rotting.


Message History

You miss something. Something hits you but does no damage.
The orc priest casts a cantrip, but nothing happens.
You bump into the rock wall.
You hear some strange, mumbled words.
A puff of flame appears from out of thin air!
The puff of flame hits you!
You bump into the rock wall.
Something completely misses you.
You miss something.
Something hits you but does no damage. x2
You bump into the rock wall.
You feel less confused. You block something's attack.
You miss something. Something hits you but does no damage.
The orc priest looks satisfied for a moment.
Your shield and chain mail prevent you from hitting something.
You hear some strange, mumbled words.
Something tries to affect you, but you resist.
The orc priest looks satisfied for a moment.
You barely miss something. Something hits you but does no damage.
Something hits you.
You die...

## ####. .# ..... .# ####. .#
###.### # #..... #.###.#.#
#?.@{r..# #####o### ### #.# ..#
#.# +# #.# #o# ... # ### #.#
#.### .... ## ##.###.# #.#.##
.....
.####...##.#######....####.....o
.'...................or.o'......


You could see an orc priest and a quokka.

Vanquished Creatures
  4 adders
  An ooze (D:1)
  A worm (D:3)
  A leopard gecko (D:1)
  3 giant cockroaches
  9 goblins
  5 hobgoblins
  6 jackals (D:1)
  A ball python (D:1)
  5 bats
  4 frilled lizards (D:1)
  6 kobolds
  2 rats (D:1)
48 creatures vanquished.

Notes
Turn   | Place    | Note
-------+----------+-------------------------------------------
     0 | D:1      | Faca the Gargoyle Fighter began the quest for the Orb.
     0 | D:1      | Reached XP level 1. HP: 14/14 MP: 1/1
    60 | D:1      | Reached XP level 2. HP: 20/20 MP: 2/2
   104 | D:1      | Reached skill level 4 in Fighting
   200 | D:1      | Reached XP level 3. HP: 24/24 MP: 3/3
   903 | D:2      | Reached XP level 4. HP: 30/30 MP: 4/4
  1348 | D:2      | Reached skill level 5 in Fighting
  1528 | D:3      | Found an ornate altar of the Wu Jian Council.
  1760 | D:3      | HP: 1/31 [orc priest/divine providence (10)]
  1770 | D:3      | Slain by an orc wizard

Vault maps used:
D:1:      dpeg_arrival_fog
D:2:      first_ration
D:3:      old_standard_altar, nemelex_xobeh_ov_fountains_minmay,
          chequers_big_river, kennysheep_doodads

Skill      XL: |  1  2  3  4 |
---------------+-------------+-----
Fighting       | 4 5 |  5.1
Maces & Flails | 3 |  3.1
Armour         | |  3.2
Shields        | |  3.2

Action                   |  1- 3 |  4- 6 || total
-------------------------+-------+-------++-------
Melee: Flail             |   152 |    82 ||   234
  Use: Potion            |       |     4 ||     4
  Eat: Chunk             |    12 |     1 ||    13
Armor: Scale mail        |   133 |    33 ||   166
       Chain mail        |       |    16 ||    16
Dodge: Dodged            |    61 |    22 ||    83
Block: Shield            |   100 |    54 ||   154

Table legend:
 A = Spawn XP
 B = Non-spawn XP
 C = Spawn XP percentage of total XP
 D = Spawn monster count
 E = Non-spawn monster count
 F = Spawn count percentage of total count
 G = Total turns spent on level
                    A         B        C        D         E        F      G
               +---------+---------+-------+---------+---------+-------+---------
         Total |       0 |     136 |   0.0 |       0 |      48 |   0.0 |  1770
               +---------+---------+-------+---------+---------+-------+---------
           D:1 |       0 |      58 |   0.0 |       0 |      31 |   0.0 |   820
           D:2 |       0 |      56 |   0.0 |       0 |      13 |   0.0 |   678
           D:3 |       0 |      22 |   0.0 |       0 |       4 |   0.0 |   272
               +---------+---------+-------+---------+---------+-------+---------
